 Dungeon Crawl Stone Soup version 0.31-a0-437-g7cee417757 (webtiles) character file.

Game seed: 12432476209335616646

3693 AdnanSaban the Protected (level 10, -1/63 HPs)
             Began as a Gargoyle Fighter on Aug 1, 2023.
             Was a Follower of Okawaru.
             Slain by a killer bee (2 damage)
             ... on level 8 of the Dungeon.
             The game lasted 00:08:34 (7701 turns).

AdnanSaban the Protected (Gargoyle Fighter)         Turns: 7701, Time: 00:08:35

Health: -1/63      AC: 21    Str: 22 (25) XL:     10   Next: 13%
Magic:  10/10      EV:  7    Int:  6 (8)  God:    Okawaru [*.....]
Gold:   492        SH:  5    Dex:  7 (9)  Spells: 9/9 levels left

rFire   . . .        h - +0 whip (elec)
rCold   . . .        c - +0 buckler
rNeg    + . .        r - +0 plate armour
rPois   ∞            (no helmet)
rElec   +            (no cloak)
rCorr   +            (no gloves)
SInv    +            (no boots)
Will    .....        (no amulet) Stlth
                     s - ring of resist corrosion
HPRegen 0.30/turn    D - ring of see invisible
MPRegen 0.12/turn

%: no passive effects
@: brilliant, attractive
A: sickness immunity, AC +7, negative energy resistance 1, electricity
resistance, torment resistance 1, petrification resistance
a: Renounce Religion, Heroism


You were on level 8 of the Dungeon.
You worshipped Okawaru.
Okawaru was aware of your devotion.
You visited 2 branches of the dungeon, and saw 10 of its levels.

You collected 492 gold pieces.

Inventory:

Hand Weapons
 h - a +0 whip of electrocution (weapon)
Missiles
 u - 3 boomerangs
 y - 9 poisoned darts (quivered)
 C - 2 datura-tipped darts
 H - a curare-tipped dart
 I - 2 darts of dispersal
 J - a throwing net
Armour
 c - a +0 buckler (worn)
 r - a +0 plate armour (worn)
Jewellery
 s - a ring of resist corrosion (left hand)
 z - a ring of fire
 D - a ring of see invisible (right hand)
 F - a ring of wizardry
Wands
 A - a wand of charming (3)
 B - a wand of roots (7)
 G - a wand of mindburst (13)
Scrolls
 a - 2 scrolls of immolation {unknown}
 b - 3 scrolls of revelation {unknown}
 e - a scroll of blinking {unknown}
 f - a scroll of enchant armour {unknown}
 k - 6 scrolls of identify {unknown}
 l - 2 scrolls of poison {unknown}
 m - a scroll of brand weapon {unknown}
 n - a scroll of amnesia {unknown}
 p - 3 scrolls of vulnerability {unknown}
 w - a scroll of fear {unknown}
 x - 2 scrolls of teleportation {unknown}
 E - 3 scrolls of noise {unknown}
 L - a scroll of enchant weapon {unknown}
Potions
 d - a potion of might
 g - a potion of resistance {unknown}
 i - a potion of attraction
 j - a potion of brilliance
 o - 2 potions of curing {unknown}
 q - 2 potions of haste {unknown}
 t - 2 potions of mutation {unknown}
 v - 3 potions of degeneration
 K - a potion of heal wounds {unknown}


   Skills:
 + Level 7.0 Fighting
 + Level 8.4 Maces & Flails
 + Level 1.7 Throwing
 + Level 9.3 Armour
 + Level 1.6 Dodging
 + Level 1.1 Stealth
 + Level 6.9 Shields


You had 9 spell levels left.
You didn't know any spells.
Your spell library contained the following spells:

 Spells                   Type           Power      Damage    Failure   Level
 Sting                    Tmut/Pois      0%         1d3       100%        1
 Blink                    Tloc           0%         N/A       100%        2
 Poisonous Vapours        Pois/Air       0%         N/A       100%        2
 Manifold Assault         Tloc           0%         N/A       100%        4
 Olgreb's Toxic Radiance  Pois           0%         N/A       100%        4


Dungeon Overview and Level Annotations

Branches:
Dungeon (9/15)             Temple (1/1) D:6
   Lair: D:8-11         Orc: D:9-12

Altars:
Ashenzari
Cheibriados
Dithmenos
Elyvilon
Fedhas
Gozag
Hepliaklqana
Kikubaaqudgha
Makhleb
Nemelex Xobeh
Okawaru
Qazlal
Ru
Sif Muna
Uskayaw
Vehumet
Wu Jian
Xom
Yredelemnul
Zin
The Shining One


Innate Abilities, Weirdness & Mutations

You are immune to sickness and miasma.
Your stone body is resilient. (AC +7)
You are immune to poison.
You resist negative energy. (rN+)
You are resistant to electric shocks. (rElec)
You are resistant to unholy torment.
You are immune to petrification.


Message History

You block the killer bee's attack.
You closely miss the killer bee.
The killer bee is lightly wounded.
The killer bee stings you but does no damage. x2
The killer bee barely misses you.
You miss the killer bee.
The killer bee is lightly wounded.
You block the killer bee's attack.
The killer bee stings you but does no damage. x3
The killer bee barely misses you. The killer bee stings you.
* * * LOW HITPOINT WARNING * * *
You hit the killer bee but do no damage.
Lightning courses through the killer bee!
The killer bee is almost dead.
The killer bee closely misses you.
The killer bee stings you but does no damage.
You block the killer bee's attack.
You closely miss the killer bee.
The killer bee is almost dead.
You block the killer bee's attack. x2
The killer bee stings you but does no damage.
You miss the killer bee.
The killer bee is almost dead.
The killer bee closely misses you.
The killer bee stings you but does no damage.
You block the killer bee's attack. The killer bee closely misses you.
The killer bee stings you but does no damage.
The killer bee stings you.
* * * LOW HITPOINT WARNING * * *
It was a potion of attraction.
You feel attractive to monsters. You block the killer bee's attack. x2
The killer bee stings you but does no damage. x2
The killer bee barely misses you. The killer bee stings you.
* * * LOW HITPOINT WARNING * * *
It was a potion of brilliance.
You feel clever all of a sudden.
The killer bee stings you but does no damage. x4
The killer bee stings you.
You die...

####.....)..<# ###.....§
#.......###### ###.....≈
#.....### #.......§ ##......#
##...##..≈ ##.......####
#...#....≈
##........#..#######.##...≈≈
#.............#.##...#...§§.
###.####...y........##...≈≈.
#.....##.@...#.....#..§≈..
####........yy............≈..
##..........##...#...#....§§§.
#................##..#....§≈§§
#................##........§§≈
##.............#............≈≈
#........).....#.#..##.......≈
###............##....#.......≈
#............#..#.##........


You could see 3 killer bees.

Vanquished Creatures
  Prince Ribbit (D:5)
  Sigmund (D:3)
  Eustachio (D:4)
  A water moccasin (D:5)
  2 ice beasts
  An orc warrior (D:7)
  2 black bears
  A sky beast (D:7)
  4 ogres
  3 centaurs
  2 phantoms (D:4)
  2 kobold brigands
  Blork the orc (D:6)
  4 bullfrogs
  2 scorpions
  5 wights
  4 killer bees (D:9)
  A howler monkey (D:7)
  2 lava snakes (D:8)
  3 jellies
  4 hounds
  4 orc priests
  A sleepcap (D:8)
  Jessica (D:2)
  2 iguanas (D:6)
  3 orc wizards
  3 gnolls (D:7)
  10 adders
  2 shadow imps
  A white imp (D:7)
  A worm (D:4)
  3 dart slugs
  17 orcs
  2 bats (D:1)
  6 endoplasms
  A giant cockroach (D:3)
  5 goblins (D:1)
  3 hobgoblins
  16 kobolds
  5 quokkas
  A ball python (D:4)
  2 frilled lizards
  7 rats
143 creatures vanquished.

Notes
Turn   | Place    | Note
-------+----------+-------------------------------------------
     0 | D:1      | AdnanSaban the Gargoyle Fighter began the quest for the
                  | Orb.
     0 | D:1      | Reached XP level 1. HP: 14/14 MP: 1/1
    98 | D:1      | Reached XP level 2. HP: 19/19 MP: 2/2
   493 | D:1      | Reached XP level 3. HP: 22/24 MP: 3/3
   892 | D:2      | Noticed Jessica
   902 | D:2      | Killed Jessica
   903 | D:2      | Reached XP level 4. HP: 8/29 MP: 4/4
  1429 | D:3      | Reached XP level 5. HP: 29/33 MP: 5/5
  1493 | D:3      | Reached skill level 1 in Dodging
  1839 | D:3      | Noticed Sigmund
  1853 | D:3      | Killed Sigmund
  1854 | D:3      | Reached skill level 4 in Armour
  1854 | D:3      | Reached XP level 6. HP: 38/38 MP: 6/6
  2018 | D:4      | Noticed Eustachio
  2066 | D:4      | Killed Eustachio
  2067 | D:4      | Reached XP level 7. HP: 26/44 MP: 7/7
  2247 | D:4      | Reached skill level 5 in Shields
  2264 | D:4      | Reached skill level 5 in Maces & Flails
  2270 | D:4      | Reached skill level 5 in Armour
  2890 | D:5      | Entered Level 5 of the Dungeon
  2908 | D:4      | Reached skill level 5 in Fighting
  3031 | D:5      | Reached XP level 8. HP: 49/49 MP: 8/8
  3165 | D:5      | Reached skill level 6 in Armour
  3341 | D:5      | Noticed Prince Ribbit
  3564 | D:5      | Killed Prince Ribbit
  3752 | D:5      | Reached skill level 7 in Armour
  3819 | D:5      | Reached skill level 1 in Throwing
  3877 | D:5      | Reached XP level 9. HP: 55/55 MP: 9/9
  4437 | D:6      | Noticed Blork the orc
  4446 | D:6      | Killed Blork the orc
  4593 | D:6      | Found a staircase to the Ecumenical Temple.
  4607 | Temple   | Entered the Ecumenical Temple
  4618 | Temple   | Became a worshipper of Warmaster Okawaru
  5254 | D:7      | Found a sparkling altar of Nemelex Xobeh.
  5500 | D:7      | Reached skill level 8 in Armour
  5500 | D:7      | Reached skill level 1 in Stealth
  5921 | D:7      | Reached * piety under Okawaru
  6564 | D:8      | Found a shimmering blue altar of Sif Muna.
  6791 | D:7      | Reached XP level 10. HP: 20/61 MP: 7/10
  6954 | D:8      | Reached skill level 9 in Armour
  7055 | D:8      | Identified the +11 scimitar of Hypliemu {freeze, Fly rPois
                  | rN++}
  7104 | D:8      | Found an ancient bone altar of Kikubaaqudgha.
  7324 | D:8      | Found a blossoming altar of Fedhas.
  7454 | D:9      | Found a shimmering altar of Xom.
  7547 | D:9      | Found a hide-covered altar of Uskayaw.
  7653 | D:9      | Found a shadowy altar of Dithmenos.
  7655 | D:9      | Found a hazy altar of Hepliaklqana.
  7673 | D:9      | Noticed a two-headed ogre
  7674 | D:9      | Noticed a centaur warrior
  7699 | D:8      | HP: 2/63 [killer bee (2)]
  7701 | D:8      | Slain by a killer bee

Illustrated notes

Levels and vault maps discovered:
D:1:      minmay_arrival_three_doors, layout_basic
D:2:      layout_rooms, uniq_jessica
D:3:      layout_basic, uniq_sigmund
D:4:      layout_loops_ring, uniq_eustachio
D:5:      nicolae_cairo_tiling_large, layout_basic, uniq_prince_ribbit1
D:6:      layout_gridville, minmay_temple_entry_sparse_star, uniq_blork_the_orc
D:7:      layout_layer_cave, lemuel_tele_altar, chequers_serial_rivers_micro_b
D:8:      layout_cave_pools, mainiacjoe_overflow_alcove_2,
          mainiacjoe_overflow_catch_the_wave
D:9:      minmay_the_grid_plus [minmay_the_grid_outer_circle,
          minmay_the_grid_gridbox, minmay_the_grid_stretched_grid,
          minmay_the_grid_tiny_cups,
          minmay_the_grid_prize_four_corners_diamond_a], layout_irregular_city,
          mainiacjoe_overflow_brackets, grunt_temple_overflow_open,
          general_overflow_altar
Temple:   nicolae_temple_ecumenical_triangle

Skill      XL: |  1  2  3  4  5  6  7  8  9 10 |
---------------+-------------------------------+-----
Shields        | 4 5 6 |  6.9
Maces & Flails | 3 4 5 6 8 |  8.4
Dodging        | 1 |  1.6
Fighting       | 4 5 6 7 |  7.0
Armour         | 4 5 7 8 9 |  9.3
Throwing       | 1 |  1.7
Stealth        | 1 |  1.1

Action                     |  1- 3 |  4- 6 |  7- 9 | 10-12 || total
---------------------------+-------+-------+-------+-------++-------
  Melee: Flail             |    30 |       |       |       ||    30
         Whip              |    73 |   169 |   453 |    91 ||   786
  Throw: Dart              |       |       |     7 |       ||     7
 Invoke: Heroism           |       |       |     1 |       ||     1
    Use: Potion            |       |       |       |     3 ||     3
 Armour: Scale mail        |    59 |       |       |       ||    59
         Plate armour      |       |   108 |   283 |    86 ||   477
  Dodge: Dodged            |    44 |    49 |   121 |    62 ||   276
  Block: Buckler           |    25 |    37 |    92 |    38 ||   192

Table legend: (Time is in decaauts)
 A = Elapsed time spent in this place.
 B = Non-inter-level travel time spent in this place.
 C = Inter-level travel time spent in this place.
 D = Time resting spent in this place.
 E = Time spent auto-exploring this place.
 F = Levels seen in this place.
 G = Mean time per level.
                   A        B        C        D        E       F      G
               +--------+--------+--------+--------+--------+-----+--------+
         Total |   7586 |   7255 |    331 |    300 |   5522 |  10 |  758.6 |
       Dungeon |   7565 |   7234 |    331 |    300 |   5522 |   9 |  840.6 |
        Temple |     20 |     20 |      0 |      0 |      0 |   1 |   20.0 |
               +--------+--------+--------+--------+--------+-----+--------+

Top non-repeatable levels by time:
     D:7: 1571 daAuts
     D:5: 1098 daAuts
     D:4: 1029 daAuts
     D:6: 909 daAuts
     D:3: 900 daAuts
     D:8: 726 daAuts
     D:1: 616 daAuts
     D:2: 449 daAuts
     D:9: 263 daAuts
  Temple: 20 daAuts
